 Dungeon Crawl Stone Soup version 0.20.1-1-g8b1a95d (webtiles) character file.

5149 Kingsmith the Fighter (level 10, -4/53 HPs)
             Began as a Felid Berserker on Dec 11, 2017.
             Was a High Priest of Trog.
             Slain by a yak (11 damage)
             ... on level 11 of the Dungeon.
             The game lasted 00:30:18 (10983 turns).

Kingsmith the Fighter (Felid Berserker)            Turns: 10983, Time: 00:30:18

Health: -4/53      AC:  2    Str: 14    XL:     10   Next: 33%
Magic:  11/11      EV: 28    Int:  8    God:    Trog [*****.]
Gold:   674        SH:  0    Dex: 23    Spells: 9/9 levels left
                                        Lives:  0   Deaths: 3

rFire    . . .     SeeInvis +     - Unarmed
rCold    . . .     Gourm    .   (shield unavailable)
rNeg     + . .     Faith    .   (armour unavailable)
rPois    .         Spirit   .   (helmet unavailable)
rElec    .         Reflect  .   (cloak unavailable)
rCorr    .         Harm     .   (gloves unavailable)
MR       +....                  (boots unavailable)
Stlth    ++++++....             (no amulet)
Regen    0.2/turn               d - +4 ring of dexterity
MPRegen  0.2/turn               s - ring of positive energy

@: berserk cooldown, slowed, slow
A: no armour, no weapons or thrown items, stealth, claws 1, fangs 3, see
invisible, carnivore 3, speed 1, shaggy fur 2, slow metabolism 1, sharp paws
a: Berserk, Trog's Hand, Brothers in Arms, Burn Spellbooks, Renounce Religion


You were on level 11 of the Dungeon.
You worshipped Trog.
Trog was extremely pleased with you.
You were very full.

You visited 2 branches of the dungeon, and saw 12 of its levels.

You collected 674 gold pieces.

Inventory:

Jewellery
 d - a +4 ring of dexterity (left paw)
 j - an uncursed ring of fire
 s - a ring of positive energy (right paw)
 B - an uncursed amulet of faith
Wands
 m - a wand of paralysis (12/24)
 q - a wand of flame (17/48)
 x - a wand of iceblast (5/15)
 y - a wand of flame (10/48)
 A - a wand of flame (20/48)
 C - a wand of lightning (5/15)
 F - a wand of polymorph (6/24)
 G - a wand of acid (7/15)
Scrolls
 c - 2 scrolls of fog
 f - 3 scrolls of amnesia {unknown}
 g - 6 scrolls of teleportation
 h - a scroll of magic mapping {unknown}
 k - 7 scrolls of remove curse
 p - 2 scrolls of immolation
 r - a scroll of blinking {unknown}
 w - a scroll of recharging {unknown}
 E - a scroll of random uselessness {unknown}
Potions
 b - a potion of magic
 e - 4 potions of curing
 l - a potion of ambrosia {unknown}
 n - a potion of agility
 t - 4 potions of haste
 u - a potion of lignification
 v - a potion of brilliance
 z - 3 potions of mutation {unknown}
 D - a potion of flight {unknown}
Comestibles
 a - 3 meat rations
 o - 6 royal jellies
 H - 10 chunks of flesh


   Skills:
 + Level 11.9 Fighting
 - Level 10.0 Dodging
 - Level 10.8 Stealth
 - Level 10.1 Unarmed Combat


You had 9 spell levels left.
You didn't know any spells.

Dungeon Overview and Level Annotations

Branches:
Dungeon (11/15)            Temple (0/1) D:6            Lair (1/6) D:8
    Orc (0/2) D:11

Altars:
Ashenzari


Innate Abilities, Weirdness & Mutations

You cannot wear armour.
You are incapable of wielding weapons or throwing items.
Your paws allow you to move quietly. (Stealth)
You have sharp claws.
You have razor-sharp teeth.
You have supernaturally acute eyesight. (SInv)
You are carnivorous and can eat meat at any time.
You cover ground quickly.
You are covered in thick fur. (AC +2)
You have a slow metabolism.
Your sharp claws are effective at attacking unaware monsters.


Message History

Trog accepts your kill.
Trog appreciates your killing of a magic user.
A yak comes into view.
Your ogre looks more healthy.
Your ogre hits the yak with a giant club!!
The yak gores you!
* * * LOW HITPOINT WARNING * * *
Some of the chunks of flesh in your inventory have rotted away.
Your ogre is no longer moving slowly.
Your ogre hits the yak with a giant club!!
The yak dies!
Trog accepts your kill.
Your ogre hits the yak with a giant club!!
Your ogre hits the yak with a giant club!!
The yak dies!
Trog accepts your kill.
Your ogre rages.
Your ogre barely misses the yak.
The yak gores you!
You die...

...###...........(./)............
K...#.............[†.............
............)...#..([............
...............###.÷(...........#
................#$÷.....)......##
...........†....).[...........##
...............[.............##
............................##
..............OY@..........##
#.........................##
##.......................##
##.....................##
##...................##
##.................##
##........<......##
#################


You could see a yak and a friendly ogre (berserk).

Vanquished Creatures
  Erolcha (D:9)
  Erica (D:8)
  The ghost of lydgate the Blocker, a journeyman GrFi of Makhleb (D:9)
  Pikel (D:4)
  An ugly thing (D:10)
  Joseph (D:7)
  Psyche (D:11)
  A troll (D:8)
  11 yaks
  2 hungry ghosts
  A steam dragon (D:8)
  Menkaure (D:7)
  A water moccasin (D:6)
  3 black bears
  2 orc warriors (D:11)
  3 sky beasts
  A phantom (D:7)
  6 centaurs
  5 ogres
  A wolf (D:8)
  7 bullfrogs
  A big kobold (D:8)
  3 scorpions
  A water moccasin skeleton (D:11)
  A howler monkey (D:6)
  An electric eel (D:8)
  4 crimson imps
  A centaur zombie (D:8)
  A bullfrog zombie (D:7)
  11 hounds
  A jelly (D:5)
  2 quasits
  6 orc priests
  Ijyb (D:5)
  5 iguanas
  7 orc wizards
  8 worker ants
  A hound zombie (D:9)
  A worker ant zombie (D:10)
  A howler monkey skeleton (D:6)
  4 adders
  7 gnolls
  2 shadow imps
  An adder zombie (D:5)
  A worm (D:2)
  3 dart slugs
  3 leopard geckos
  54 orcs
  7 giant cockroaches
  10 goblins
  5 hobgoblins
  3 quokkas
  5 ball pythons
  11 bats
  8 frilled lizards
  6 kobolds
  2 quokka skeletons
  7 rats
248 creatures vanquished.

Vanquished Creatures (collateral kills)
  Sonja (D:11)
  4 yaks (D:11)
  Grum (D:11)
  3 wolves (D:11)
  A worker ant zombie (D:11)
10 creatures vanquished.

Vanquished Creatures (others)
  Maurice (D:8)
  A wolf (D:8)
2 creatures vanquished.

Grand Total: 260 creatures vanquished

Notes
Turn   | Place    | Note
-------+----------+-------------------------------------------
     0 | D:1      | Kingsmith the Felid Berserker began the quest for the Orb.
     0 | D:1      | Reached XP level 1. HP: 10/10 MP: 2/2
    32 | D:1      | Reached skill level 1 in Stealth
   204 | D:1      | Reached XP level 2. HP: 14/14 MP: 3/3
   455 | D:1      | Reached ** piety under Trog
   808 | D:2      | Reached XP level 3. HP: 17/17 MP: 4/4
  1189 | D:2      | Reached skill level 5 in Stealth
  1866 | D:3      | Found a faded altar of an unknown god.
  1890 | D:3      | Reached XP level 4. HP: 21/21 MP: 5/5
  3360 | D:3      | Killed from afar by an orc priest
  3361 | D:3      | Reached XP level 3. HP: 0/17 MP: 4/4
  3447 | D:3      | Reached XP level 4. HP: 15/21 MP: 5/5
  3523 | D:3      | Reached *** piety under Trog
  3528 | D:3      | Reached XP level 5. HP: 12/25 MP: 6/6
  4014 | D:4      | Reached skill level 4 in Fighting
  4211 | D:4      | Noticed a slave
  4212 | D:4      | Noticed Pikel
  4212 | D:4      | Noticed a slave
  4212 | D:4      | Noticed a slave
  4214 | D:4      | Noticed a slave
  4223 | D:4      | Killed Pikel
  4223 | D:4      | Reached skill level 5 in Fighting
  4223 | D:4      | Reached skill level 5 in Unarmed Combat
  4223 | D:4      | Gained mutation: You are covered in thick fur. (AC +2) [Felid growth]
  4223 | D:4      | Reached XP level 6. HP: 30/30 MP: 7/7
  4223 | D:4      | Reached XP level 7. HP: 33/33 MP: 8/8
  4589 | D:5      | Entered Level 5 of the Dungeon
  4865 | D:5      | Reached skill level 6 in Fighting
  4896 | D:5      | Noticed Ijyb
  4901 | D:5      | Killed Ijyb
  5055 | D:5      | Reached XP level 8. HP: 34/39 MP: 9/9
  5866 | D:6      | Reached skill level 7 in Fighting
  5880 | D:6      | Found a staircase to the Ecumenical Temple.
  5984 | D:6      | Reached skill level 5 in Dodging
  6206 | D:6      | Reached **** piety under Trog
  6515 | D:7      | Reached XP level 9. HP: 33/43 MP: 10/10
  6517 | D:7      | Noticed Joseph
  6518 | D:7      | Reached skill level 8 in Fighting
  6820 | D:7      | Killed Joseph
  7005 | D:7      | Reached skill level 9 in Fighting
  7044 | D:7      | Noticed Menkaure
  7053 | D:7      | Killed Menkaure
  7402 | D:7      | Reached skill level 10 in Fighting
  7654 | D:8      | Found a shattered altar of Ashenzari.
  7672 | D:8      | Noticed Maurice
  7772 | D:8      | Noticed Erica
  7788 | D:8      | Killed Erica
  7788 | D:8      | Reached skill level 10 in Stealth
  7788 | D:8      | Reached XP level 10. HP: 41/51 MP: 11/11
  7866 | D:8      | Found a staircase to the Lair.
  7905 | D:8      | HP: 1/51 [Maurice/short sword of speed (8)]
  7905 | D:8      | Killed from afar by an electric eel
  7905 | D:8      | Killed Maurice
  7906 | D:8      | Reached XP level 9. HP: -7/46 MP: 10/10
  7941 | D:8      | Reached ***** piety under Trog
  8561 | D:9      | Noticed Erolcha
  8564 | D:9      | Killed Erolcha
  8722 | D:9      | Noticed lydgate's ghost (journeyman GrFi)
  8831 | D:9      | Killed lydgate's ghost
  8831 | D:9      | Reached skill level 10 in Dodging
  8831 | D:9      | Reached XP level 10. HP: 44/51 MP: 11/11
  9159 | D:10     | Entered Level 10 of the Dungeon
  9248 | D:10     | Noticed a brown ugly thing
  9255 | D:10     | Killed a brown ugly thing
  9255 | D:10     | Reached skill level 10 in Unarmed Combat
  9946 | D:11     | Noticed Psyche
  9950 | D:11     | Noticed Grum
  9959 | D:11     | Killed Psyche
  9967 | D:11     | HP: 2/51 [Grum/spear (15)]
  9968 | D:11     | Killed Grum
 10318 | Lair:1   | Entered Level 1 of the Lair of Beasts
 10358 | Lair:1   | Noticed a black mamba
 10478 | D:11     | Reached skill level 11 in Fighting
 10556 | D:11     | Reached XP level 11. HP: 18/55 MP: 12/12
 10575 | D:10     | Slain by a yak
 10576 | D:10     | Reached XP level 10. HP: 0/52 MP: 11/11
 10698 | D:11     | Found a staircase to the Orcish Mines.
 10898 | D:11     | Noticed Sonja
 10974 | D:11     | Killed Sonja
 10983 | D:11     | Slain by a yak

Skill      XL: |  1  2  3  4  5  6  7  8  9 10 |
---------------+-------------------------------+-----
Stealth        | 2 4 5 6 7 10 | 10.8
Fighting       | 5 6 7 10 11 | 11.9
Unarmed Combat | 5 6 7 8 10 | 10.1
Dodging        | 7 10 8 | 10.0

Action                   |  1- 3 |  4- 6 |  7- 9 | 10-12 || total
-------------------------+-------+-------+-------+-------++-------
Melee: Unarmed           |   131 |   106 |   265 |   249 ||   751
       Bite              |    13 |    12 |    41 |    32 ||    98
       Punch             |     1 |     1 |     8 |    16 ||    26
Invok: Berserk           |     5 |     3 |    10 |     7 ||    25
       Trog's Hand       |       |     1 |     1 |     1 ||     3
       Burn Spellbooks   |       |       |     4 |     1 ||     5
       Brothers in Arms  |       |       |       |     4 ||     4
Evoke: Wand              |       |       |     2 |       ||     2
  Use: Scroll            |       |     4 |    11 |     3 ||    18
       Potion            |       |       |       |     3 ||     3
 Stab: Sleeping          |    11 |     1 |    27 |    10 ||    49
       Distracted        |     1 |     1 |     2 |     2 ||     6
  Eat: Chunk             |    12 |     9 |    27 |    21 ||    69
Armor: Skin              |    10 |     7 |     8 |     6 ||    31
Dodge: Dodged            |   116 |    77 |   184 |   230 ||   607
